Map: Reclamation LE

Players

Riiiiiiich - Winner!

  • Race: Terran Terran
  • Spawn Location: 12:00

Wagz - Winner!

  • Race: Terran Terran
  • League: Diamond
  • Spawn Location: 11:00

MattBarry

  • Race: Terran Terran
  • League: Gold
  • Spawn Location: 5:00

MattBarry

  • Race: Zerg Zerg
  • League: Silver
  • Spawn Location: 6:00

VOD

Have the link to the VOD?

Description

Time

  • Played on: Jan. 19, 2023, 10:28 p.m.
  • Length: 9:15
Show
View Real Time Build Order
Export as new Build Order

Riiiiiiich Terran - Winner!

Build Orders:  

Get SALT Encoding   

  12  0:01  SCV  
  13  0:13  SCV  
  14  0:18  Supply Depot  
  14  0:25  SCV  
  15  0:30  Refinery  
  15  0:40  SCV  
  16  0:45  Barracks  
  16  0:52  SCV  
  16  0:56  Refinery  
  17  1:05  Supply Depot  
  17  1:10  SCV  
  18  1:22  Supply Depot  
  18  1:37  Factory  
  18  1:40  Barracks Tech Lab  
  18  1:55  Orbital Command  
  18  2:04  Stimpack  
  18  2:10  Marine  
  19  2:21  SCV  
  19  2:22  Factory Tech Lab  
  20  2:31  Starport  
  20  2:44  Siege Tank  
  20  2:45  Marine  
  24  2:52  SCV  
  25  3:04  SCV  
  25  3:05  Marine  
  26  3:08  Medivac  
  29  3:16  SCV  
  30  3:23  Marine  
  31  3:46  Siege Tank  
  34  3:48  Marine  
  35  3:58  Starport Reactor  
  36  4:02  SCV  
  36  4:04  Barracks  
  36  4:06  Marine  
  37  4:14  SCV  
  38  4:29  Combat Shield  
  38  4:31  Marine  
  39  4:34  Command Center  
  39  4:39  Supply Depot  
  39  5:00  Marine  
  33  5:28  Siege Tank  
  33  5:29  Viking  
  38  5:40  SCV  
  39  5:47  Barracks Reactor  
  39  5:52  Orbital Command, SCV  
  39  5:54  Refinery  
  40  6:00  Siege Tank  
  43  6:04  SCV  
  44  6:12  Liberator  
  44  6:13  Viking  
  44  6:15  Concussive Shells  
  44  6:16  SCV  
  44  6:17  Marauder  
  52  6:21  Refinery  
  52  6:28  SCV  
  53  6:38  Marauder  
  53  6:41  SCV  
  52  7:08  Marine x3  
  52  7:18  Siege Tank  
  52  7:21  Viking x2  
  55  7:26  Marine x3  
  55  7:43  Marine  
  55  7:44  Marine x2  
  56  7:51  Viking x2  
  60  8:01  Marine x2  
Show
View Real Time Build Order
Export as new Build Order

Wagz Terran - Winner!

Build Orders: 2 Factory, Mech 

Get SALT Encoding   

  12  0:00  SCV  
  13  0:12  SCV  
  14  0:17  Supply Depot  
  14  0:24  SCV  
  15  0:39  SCV  
  15  0:40  Barracks  
  16  0:48  Refinery  
  16  0:51  SCV  
  17  1:03  SCV  
  18  1:15  SCV  
  19  1:27  Orbital Command  
  19  1:37  Command Center  
  19  1:43  Refinery  
  19  1:49  Marine  
  20  1:54  Barracks  
  20  1:56  SCV  
  21  2:07  Marine  
  22  2:09  SCV  
  23  2:17  Factory  
  23  2:26  Supply Depot  
  23  2:35  Barracks Reactor  
  23  3:01  Orbital Command  
  23  3:03  Factory Tech Lab  
  23  3:04  Barracks Tech Lab, Factory  
  23  3:09  Supply Depot  
  23  3:12  Supply Depot, SCV  
  23  3:22  Marine  
  23  3:28  Marine  
  23  3:29  Siege Tank  
  25  3:39  SCV  
  25  3:40  SCV  
  27  3:43  Marine  
  28  3:51  SCV  
  28  3:52  Stimpack  
  29  3:56  Factory Tech Lab  
  29  4:00  Marine x2  
  31  4:12  SCV x2  
  31  4:17  Siege Tank  
  36  4:22  Starport  
  36  4:27  SCV x2  
  38  4:33  Refinery  
  38  4:39  Marine x3  
  38  4:42  Hellion  
  43  4:47  SCV x2  
  43  4:49  Siege Tank  
  43  4:51  Refinery  
  48  5:30  Marine x3  
  48  5:31  Siege Tank x2  
  57  5:42  Medivac  
  57  5:48  Marine  
  60  6:02  Command Center  
  60  6:20  SCV x2  
  37  7:06  Starport Reactor  
  37  7:09  Marine x3  
  37  7:11  Hellion  
  37  7:12  Hellion  
  44  7:16  Barracks x2  
  44  7:17  SCV x2  
  44  7:18  Orbital Command, Factory  
  44  7:19  Barracks  
  44  7:20  Barracks  
  46  7:27  Marine  
  47  7:33  Combat Shield  
  44  7:47  Marine x3  
  44  7:50  Siege Tank x2  
  53  7:51  Liberator  
  53  7:58  Liberator  
  56  8:14  Marine x3  
  54  8:48  Marine  
  54  8:49  Marine x2  
  54  8:54  Marine  
  54  8:55  Marine  
Show
View Real Time Build Order
Export as new Build Order

MattBarry Terran 

Build Orders:  

Get SALT Encoding   

  12  0:00  SCV  
  13  0:12  SCV  
  14  0:17  Supply Depot  
  14  0:24  SCV  
  15  0:38  SCV  
  15  0:40  Barracks  
  16  0:46  Refinery  
  16  0:50  SCV  
  17  1:03  SCV  
  18  1:15  SCV  
  19  1:27  Orbital Command  
  19  1:31  Supply Depot  
  20  1:33  Reaper  
  20  1:53  SCV  
  21  1:59  Command Center  
  21  2:05  SCV  
  21  2:06  Barracks Reactor  
  22  2:17  SCV  
  22  2:20  Refinery  
  22  2:21  Supply Depot  
  23  2:27  Factory  
  23  2:29  SCV  
  24  2:41  SCV  
  25  2:54  SCV  
  25  2:55  Marine x2  
  28  3:07  SCV  
  29  3:21  Marine x2  
  29  3:23  Factory Tech Lab  
  31  3:39  Marine x2  
  32  3:42  Orbital Command  
  32  3:43  Starport  
  32  3:47  SCV  
  33  3:55  Engineering Bay  
  33  3:57  Marine x2, Engineering Bay  
  33  3:58  Siege Tank  
  33  3:59  SCV  
  39  4:09  SCV  
  40  4:12  SCV  
  40  4:15  Marine x2  
  43  4:24  Barracks  
  43  4:25  Starport Reactor, Barracks  
  43  4:27  SCV  
  43  4:28  SCV  
  43  4:30  Siege Tank  
  48  4:32  Marine  
  48  4:33  Marine  
  48  4:37  Terran Infantry Weapons Level 1  
  50  4:38  Terran Infantry Armor Level 1  
  50  4:39  SCV  
  50  4:40  SCV  
  50  4:43  Refinery  
  52  4:51  Supply Depot, SCV  
  52  4:52  SCV  
  54  4:53  Supply Depot  
  54  4:56  Supply Depot  
  51  5:26  Viking  
  52  5:33  SCV x2  
  54  5:39  Armory  
  54  5:43  Supply Depot  
  54  5:44  Supply Depot  
  54  5:45  SCV x2  
  56  5:59  Refinery  
  56  6:05  Marine x2  
  56  6:06  Barracks Tech Lab x2  
  58  6:23  Marine x2, Siege Tank  
  58  6:24  Medivac  
  65  6:35  Stimpack  
  65  6:36  Combat Shield  
  65  6:39  Marine x2  
  67  6:40  Marine  
  67  6:44  SCV x2  
  60  6:56  SCV x2  
  44  7:15  Medivac x2  
  46  7:16  Marine  
  46  7:17  Marine, Marauder x2  
  52  7:42  Siege Tank  
  55  7:44  Marine x2  
  55  7:45  Marauder x2  
  53  8:02  Marine x2  
  53  8:03  Medivac  
  57  8:07  Marauder x2  
  53  8:29  Marine x4  
Show
View Real Time Build Order
Export as new Build Order

MattBarry Zerg 

Build Orders: Pool First 

Get SALT Encoding   

  12  0:00  Drone  
  13  0:14  Overlord  
  13  0:18  Drone  
  14  0:23  Extractor  
  14  0:24  Drone  
  14  0:47  Spawning Pool  
  13  0:52  Drone  
  14  1:01  Drone  
  14  1:02  Drone  
  16  1:15  Drone x2  
  18  1:34  Metabolic Boost  
  18  1:36  Zergling x4  
  20  1:47  Drone  
  21  1:57  Queen  
  21  1:58  Evolution Chamber, Extractor  
  21  2:07  Drone  
  22  2:27  Overlord  
  22  2:28  Overlord  
  22  2:35  Evolution Chamber  
  22  2:36  Evolution Chamber  
  20  2:37  Zergling x2  
  20  2:40  Zergling x2  
  24  2:49  Queen  
  26  3:05  Zerg Melee Weapons Level 1  
  26  3:07  Hatchery  
  21  3:40  Drone  
  21  3:41  Drone x4  
  25  3:46  Lair  
  26  3:59  Drone  
  27  4:03  Drone  
  28  4:11  Drone x3  
  31  4:24  Drone  
  33  4:38  Drone  
  33  4:41  Drone  
  33  4:42  Drone x3  
  33  4:43  Drone  
  38  4:52  Zergling x2  
  39  5:01  Zergling x4  
  41  5:07  Zergling x2  
  41  5:08  Zergling x4  
  31  5:27  Zergling x2  
  31  5:28  Zergling x8  
  27  5:33  Queen  
  28  5:40  Zergling x4  
  30  6:04  Roach Warren  
  29  6:16  Overlord x2  
  23  6:34  Queen  
  25  6:44  Zergling x2  
  25  6:45  Zergling x4  
  28  7:00  Zergling x2  
  26  7:19  Zergling x2  
  27  7:24  Zergling x8  
  28  7:38  Zergling x2  
  23  7:55  Zergling x2  
  23  7:56  Zergling x6  
  26  8:11  Hatchery  
  25  8:15  Hatchery  
  22  8:29  Roach x4  
  22  8:30  Roach  
  30  8:45  Zergling x2  
  31  8:50  Roach  
  31  8:51  Roach  
Tags
 
Add a new tag
Caveats
  • Supply blocks, unpowered buildings, or Contaminate may cause inaccurate times.
  • Supply counts are checked every 10 seconds.